 Dungeon Crawl Stone Soup version 0.31.0-32-g396128a36d (webtiles) character file.

Game seed: 5350096507763960389

2168823 Winotaur the Executioner (level 22, 217/217 HPs)
             Began as a Minotaur Berserker on Apr 15, 2024.
             Was a High Priest of Trog.
             Escaped with the Orb
             ... and 3 runes
             ... and 1 gem!
             The game lasted 00:36:10 (41541 turns).

Winotaur the Executioner (Minotaur Berserker)      Turns: 41541, Time: 00:36:10

Health: 217/217    AC: 37    Str: 54    XL:     22   Next: 96%
Magic:  18/18      EV: 23    Int:  4    God:    Trog [*****.]
Gold:   912        SH: 19    Dex: 17    Spells: 21/21 levels left

rFire   + + .        E - +9 broad axe (drain)
rCold   + + .        V - +2 shield of Resistance {rF++ rC++ Will++}
rNeg    + . .        y - +6 storm dragon scales
rPois   +            (helmet unavailable)
rElec   +            i - +2 cloak
rCorr   +            H - +0 pair of gloves of Greed {Rampage Fly rPois Dex+3}
SInv    .            a - +3 pair of boots of Responsibility {Regen+ Str+5 Int+3}
Will    +++..        z - amulet of Wygihoefu {Spirit Str+5} Stlth
                     o - ring "Volumepp" {rN+ rCorr Dex+6 Stlth-}
HPRegen 1.36/turn    x - +6 ring of strength
MPRegen 0.16/turn

%: guardian spirit, rampage
@: flying, hasted, very quick
A: horns 3, retaliatory headbutt, talons 1, dopey 1, low MP 1, screaming 1,
strong 1, teleportitis 1, MP-powered wands
0: Orb of Zot
}: 3/15 runes: serpentine, barnacled, silver
a: Renounce Religion, Berserk, Trog's Hand, Brothers in Arms


You escaped.
You worshipped Trog.
Trog was extremely pleased with you.
You visited 8 branches of the dungeon, and saw 44 of its levels.
You visited the Abyss 1 time.
You visited 1 bazaar.
You also visited: Sewer and Bailey.

You collected 5072 gold pieces.
You spent 4160 gold pieces at shops.

Inventory:

Hand Weapons
 E - a +9 broad axe of draining (weapon)
 W - a +2 broad axe of flaming
Missiles
 c - 6 throwing nets (quivered)
Armour
 a - the +3 pair of boots of Responsibility (worn) {Regen+ Str+5 Int+3}
   (You bought it in a shop on level 6 of the Dungeon)

   Str+5:     It affects your strength (+5).
   Int+3:     It affects your intelligence (+3).
   Regen+:    It increases your rate of health regeneration.
 i - a +2 cloak (worn)
 n - a +2 hat
 y - +6 storm dragon scales (worn)
 F - a +0 plate armour of fire resistance
 H - the +0 pair of gloves of Greed (worn) {Rampage Fly rPois Dex+3}
   (You found it on level 15 of the Dungeon)

   Dex+3:     It affects your dexterity (+3).
   rPois:     It protects you from poison Fly: It grants you flight.
   Rampage:   It bestows one free step when moving towards enemies.
 V - the +2 shield of Resistance (worn) {rF++ rC++ Will++}
   (You bought it in a shop on level 2 of the Orcish Mines)

   rF++:      It greatly protects you from fire.
   rC++:      It greatly protects you from cold.
   Will++:    It greatly increases your willpower.
 Z - the +5 chain mail "Vedapizi" {Rampage}
   (You found it on level 1 of the Snake Pit)

   Rampage:   It bestows one free step when moving towards enemies.
Jewellery
 o - the ring "Volumepp" (left hand) {rN+ rCorr Dex+6 Stlth-}
   (You found it on level 4 of the Shoals)

   [ring of dexterity]

   Dex+6:     It affects your dexterity (+6).
   rN+:       It protects you from negative energy.
   rCorr:     It protects you from acid and corrosion.
   Stlth-:    It makes you less stealthy.
 p - an amulet of reflection
 x - a +6 ring of strength (right hand)
 z - the amulet of Wygihoefu (around neck) {Spirit Str+5}
   (You bought it in a shop in a bazaar)

   [amulet of guardian spirit]

   Spirit:    It causes incoming damage to be divided between your reserves of
   health and magic.
   Str+5:     It affects your strength (+5).
 D - an amulet of the acrobat
Wands
 f - a wand of flame (70)
 j - a wand of polymorph (7)
 l - a wand of quicksilver (33)
 I - a wand of paralysis (35)
 K - a wand of mindburst (29)
 M - a wand of roots (22)
 Y - a wand of digging (5)
Scrolls
 r - 22 scrolls of identify
 s - 2 scrolls of vulnerability
 t - 11 scrolls of teleportation
 u - 5 scrolls of silence
 A - 5 scrolls of poison
 B - 4 scrolls of immolation
 P - 2 scrolls of revelation
 R - 3 scrolls of fog
 S - 4 scrolls of summoning
 U - 10 scrolls of fear
Potions
 d - 4 potions of lignification
 e - 5 potions of attraction
 g - 8 potions of mutation
 k - 3 potions of resistance
 m - 2 potions of haste
 q - 18 potions of curing
 G - 3 potions of magic
 J - 6 potions of might
 N - 4 potions of ambrosia
 T - 6 potions of enlightenment
 X - 4 potions of berserk rage
Miscellaneous
 v - a condenser vane
 L - a lightning rod (4/4)
 O - a phantom mirror


   Skills:
 + Level 22.8 Fighting
 + Level 23.2 Axes
 + Level 22.6 Armour
 + Level 20.9 Dodging
 + Level 22.5 Shields


You had 21 spell levels left.
You didn't know any spells.
Your spell library was empty.

Dungeon Overview and Level Annotations

Branches:
Dungeon (15/15)            Temple (0/1) D:4            Lair (5/5) D:11
 Shoals (4/4) Lair:3        Snake (4/4) Lair:3        Slime (0/5) Lair:5
    Orc (2/2) D:10            Elf (0/3) Orc:2        Vaults (5/5) D:13
  Crypt (0/3) Vaults:3     Depths (4/4) D:15            Zot (5/5) Depths:4
  Sewer (visited)          Bailey (visited)

Altars:
Cheibriados
Dithmenos
Elyvilon
Fedhas
Gozag
Hepliaklqana
Kikubaaqudgha
Makhleb
Okawaru
Qazlal
Ru
Trog
Vehumet
Xom
Yredelemnul
The Shining One
Lugonu

Shops:
D:3 !   D:6 [   D:9 *   Orc:2 (([(   Shoals:1 :   Shoals:4 =   Snake:2 !
Vaults:1 [   Vaults:2 =   Vaults:3 *[:   Depths:2 *[   Depths:3 *

Portals:
Hell: Depths:2
Abyss: Lair:5 Depths:2

Annotations:
D:3 2 runed translucent doors, TheTpDoctor's ghost, amateur FeBe
Vaults:1 2 runed translucent doors, Feplao's ghost, adept DgSh; tamionv's ghost, adept GrFi
Vaults:4 36 runed translucent doors


Innate Abilities, Weirdness & Mutations

You have a pair of large horns on your head.
You reflexively headbutt those who attack you in melee.
You have sharp toenails.
You are dopey. (Int -2)
Your magical capacity is low. (-10% MP)
You occasionally shout uncontrollably at your foes.
Your muscles are strong. (Str +4, Int/Dex -1)
You are occasionally teleported next to monsters.
You expend magic power (3 MP) to strengthen your wands.


Message History

You slice the Orb Guardian!!
You kill the Orb Guardian!
Trog accepts your kill.
What level of the Dungeon? (default 1, ? - help)
There is a stone staircase leading up here.
You fly upwards.
There is a stone staircase leading down here.
Things that are here:
a +0 robe; a +0 dagger
There is an open door here.
Things that are here:
a +0 club; a +0 ring mail; a +0 whip of electrocution Magic restored.
HP restored.
There is a stone staircase leading up here.
You fly upwards.
Level annotation: 2 runed translucent doors, TheTpDoctor's ghost, amateur FeBe
There is a stone staircase leading down here.
There is a stone staircase leading up here.
You fly upwards.
There is a stone staircase leading down here.
There is a stone staircase leading up here.
You fly upwards.
There is a stone staircase leading down here.
Okay, then.
An ice devil comes into view.
You can't go up here!
You block the ice devil's attack.
You cut the ice devil into ribbons!!!
You kill the ice devil!
Trog accepts your kill.
No target in view!
No target in view!
A Hell Sentinel comes into view.
Blink to where?
Press: ? - help, Dir - move target
As you read the scroll of blinking, it crumbles to dust.
You feel yourself speed up.
There is a staircase leading out of the dungeon here.
You have escaped!

#......#.....###..###.#.#..#....
#............##.###..##.##......
#............##.#...#.##.#..##..
#...)........###.######.#...#..#
#............# ###.#...#).#...#.
#.........##.####.#.###.##......
#.........##.##..##.#.#...#....#
#######...##.###..##..#.##....#.
######.##@.#..#.##...#....
#......###################
#.####.################### #.#
#.................... #####.#
##################### #.....#
#.##### #.# #.#


There were no monsters in sight!

Vanquished Creatures
  3 dread liches (Vaults:5)
  2 ancient liches
  2 orbs of fire (Zot:2)
  A caustic shrike (Depths:1)
  A Killer Klown (Zot:5)
  2 golden dragons
  A bone dragon (Depths:4)
  8 tentacled monstrosities
  A Tzitzimitl (D:15)
  A walking crystal tome (Depths:1)
  An Ice Fiend (D:8)
  12 Orb Guardians
  3 liches
  6 quicksilver dragons
  6 sphinxes
  A walking frostbound tome (Depths:2)
  5 titans
  A kraken (Shoals:4)
  Frances (Snake:1)
  3 death cobs
  7 shadow dragons
  Agnes (D:15)
  3 storm dragons
  Aizul (Snake:1)
  Donald (Snake:1)
  3 tengu reavers
  5 protean progenitors
  2 draconian monks
  3 fire giants
  14 vault wardens
  3 draconian shifters
  2 nagarajas (Snake:4)
  8 frost giants
  4 draconian knights
  3 iron dragons
  2 draconian scorchers
  A reaper (Zot:2)
  4 draconian stormcallers
  3 orc warlords
  2 draconian annihilators
  14 ironbound preservers
  9 ironbound thunderhulks
  2 spriggan defenders
  9 very ugly things
  6 formless jellyfish
  11 stone giants
  5 green draconians
  2 vampire knights (Depths:1)
  3 red draconians
  3 black draconians
  Azrael (Snake:2)
  3 spark wasps (Depths:1)
  5 war gargoyles
  5 purple draconians
  7 yellow draconians
  2 deep elf annihilators (Zot:3)
  12 dire elephants
  6 white draconians
  7 fire dragons
  4 merfolk impalers
  9 crystal guardians
  5 merfolk javelineers (Shoals:4)
  8 ettins
  The ghost of Deost the Devastator, a journeyman DEFE of Vehumet (Lair:4)
  7 yaktaur captains
  25 vault guards
  2 entropy weavers
  6 great orbs of eyes
  8 ice dragons
  The ghost of qdestroyer the Spear-Bearer, a journeyman MiFi of Qazlal (Shoals:2)
  5 merfolk avatars
  2 deep elf high priests
  An alligator (Zot:2)
  5 peacekeepers
  4 hydras
  5 salamander tyrants (Snake:4)
  A catoblepas (Lair:4)
  4 rakshasas (Depths:1)
  7 merfolk aquamancers
  20 centaur warriors
  4 spriggan air magi
  A death knight (D:15)
  10 anacondas
  An ogre mage (D:15)
  6 boulder beetles
  2 deep troll shamans (Depths:4)
  10 ironbound frosthearts
  10 two-headed ogres
  A two-headed ogre (shapeshifter) (Vaults:5)
  10 tengu warriors
  11 naga warriors
  2 death yaks (Lair:1)
  A vampire mage (Depths:1)
  An occultist (Depths:1)
  2 deep troll earth magi (Depths:4)
  4 spriggan berserkers
  2 demonic crawlers (D:14)
  3 orc high priests (Orc:2)
  4 thrashing horrors (Lair:5)
  7 hell knights
  5 shock serpents
  8 naga sharpshooters
  Amaemon (D:10)
  A salamander mystic (Snake:2)
  18 sea snakes
  4 skysharks
  An iron troll (Depths:4)
  5 skeletal warriors (D:15)
  2 large abominations
  10 arcanists
  4 mana vipers
  Pikel (D:4)
  A lindwurm (shapeshifter) (Vaults:4)
  4 glowing orange brains
  11 lindwurms
  42 deep trolls
  4 naga ritualists (Snake:4)
  7 bog bodies (Shoals:2)
  12 ironbound convokers
  2 deep elf pyromancers
  10 orc knights
  5 necromancers
  2 orc sorcerers (Orc:2)
  14 harpies
  Maurice (Orc:2)
  3 cyclopes
  3 fauns
  5 salamanders (Snake:2)
  A toenail golem (Zot:2)
  31 ugly things
  11 manticores
  7 merfolk sirens
  7 moths of wrath
  5 kobold blastminers
  A torpor snail (Lair:1)
  6 naga magi
  6 elephants (Lair:4)
  27 black mambas
  3 water nymphs
  2 guardian serpents
  2 smoke demons (Lair:5)
  16 vault sentinels
  4 unseen horrors
  Maggie (Lair:1)
  An orange demon (D:10)
  A kobold demonologist (D:14)
  4 komodo dragons
  29 yaktaurs
  2 rime drakes
  An efreet (D:14)
  7 cane toads
  4 freezing wraiths
  An ice devil (D:1)
  2 tengu conjurers
  8 trolls
  38 merfolk
  4 tyrant leeches (Zot:2)
  3 hornets
  A polar bear (Lair:3)
  22 blink frogs
  Prince Ribbit (D:5)
  2 raiju (Lair:5)
  A tarantella (Vaults:4)
  9 wind drakes
  Grinder (D:3)
  11 snapping turtles
  18 slime creatures
  2 dream sheep (Shoals:1)
  14 water elementals
  A vampire (D:11)
  Sigmund (D:6)
  2 wraiths
  5 spriggans
  71 yaks
  8 wyverns
  6 basilisks
  4 fire elementals (Snake:2)
  10 wargs
  2 ynoxinuls (Lair:5)
  A redback (shapeshifter) (Zot:3)
  Grum (Bailey)
  6 vampire mosquitoes
  2 steam dragons (D:7)
  5 chaos spawn
  The ghost of Consumeair16 the Conjurer, an amateur GnCj (D:4)
  A neqoxec (D:14)
  2 redbacks (Vaults:4)
  3 acid dragons
  26 nagas
  28 water moccasins
  2 hell hounds (Snake:2)
  21 orc warriors
  2 ice beasts
  4 laughing skulls (D:14)
  A black bear (Lair:1)
  9 ogres
  19 centaurs
  12 wolves
  3 phantoms
  5 kobold brigands
  8 bullfrogs
  10 gnoll sergeants
  17 small abominations
  4 scorpions
  18 wights
  7 killer bees
  2 howler monkeys
  3 bombardier beetles
  2 electric eels (Lair:5)
  A crimson imp (D:3)
  8 gnoll boudas
  33 orc priests
  3 hounds
  Crazy Yiuf (D:4)
  Jessica (D:2)
  Natasha (D:4)
  3 iguanas
  24 orc wizards
  2 hell rats (Lair:5)
  Robin (D:3)
  5 adders
  29 gnolls
  17 river rats
  A shadow imp (D:5)
  2 white imps (D:8)
  2 dart slugs
  2 ribbon worms
  93 orcs
  10 bats
  5 endoplasms
  3 giant cockroaches
  16 goblins
  17 hobgoblins
  7 jackals
  35 kobolds
  4 quokkas
  10 ball pythons
  2 frilled lizards
  19 rats
  An aspiring flesh (Zot:2)
  5 tentacles (Shoals:4)
1668 creatures vanquished.

Vanquished Creatures (collateral kills)
  2 shadow dragons (Vaults:5)
  A demonspawn warmonger (Zot:2)
  A vault warden (Vaults:5)
  A war gargoyle (Vaults:5)
  A merfolk avatar (Shoals:4)
  A phantasmal warrior (Vaults:5)
  4 vault sentinels (Vaults:5)
  3 merfolk (Shoals:4)
  A snapping turtle (Shoals:4)
  A chaos spawn (Zot:2)
16 creatures vanquished.

Vanquished Creatures (others)
  A storm dragon (Zot:2)
  2 goblins (D:7)
  A kobold (D:14)
  A tentacle (Shoals:4)
5 creatures vanquished.

Grand Total: 1689 creatures vanquished

Notes
Turn   | Place    | Note
-------+----------+-------------------------------------------
     0 | D:1      | Winotaur the Minotaur Berserker began the quest for the
                  | Orb.
     0 | D:1      | Reached XP level 1. HP: 19/19 MP: 0/0
   214 | D:1      | Reached XP level 2. HP: 27/27 MP: 1/1
   223 | D:1      | Reached skill level 4 in Axes
   482 | D:1      | Reached ** piety under Trog
   596 | D:1      | Reached XP level 3. HP: 31/33 MP: 2/2
  1125 | D:2      | Noticed Jessica
  1131 | D:2      | Killed Jessica
  1132 | D:2      | Reached XP level 4. HP: 40/40 MP: 3/3
  1767 | D:2      | Reached skill level 5 in Axes
  2097 | D:3      | Found an opulent altar of Gozag.
  2141 | D:3      | Reached XP level 5. HP: 34/47 MP: 4/4
  2176 | D:3      | Found Guuvuuna's Distillery.
  2190 | D:3      | Bought a potion of curing for 42 gold pieces
  2252 | D:3      | Reached *** piety under Trog
  2254 | D:3      | Noticed Robin
  2259 | D:3      | Killed Robin
  2385 | D:3      | Found a runed translucent door.
  2385 | D:3      | Noticed TheTpDoctor's ghost (amateur FeBe)
  2463 | D:3      | Found a runed translucent door.
  2511 | D:3      | Found a blossoming altar of Fedhas.
  2512 | D:3      | Noticed Grinder
  2516 | D:3      | Killed Grinder
  2517 | D:3      | Reached skill level 5 in Fighting
  2517 | D:3      | Reached skill level 6 in Axes
  2517 | D:3      | Reached XP level 6. HP: 56/56 MP: 5/5
  2699 | D:3      | Found a burning altar of Makhleb.
  2699 | D:3      | Found a radiant altar of Vehumet.
  2789 | D:3      | Found a glowing golden altar of the Shining One.
  3027 | D:4      | Reached XP level 7. HP: 61/61 MP: 6/6
  3086 | D:4      | Found a runed translucent door.
  3087 | D:4      | Noticed Crazy Yiuf
  3133 | D:4      | Found a runed translucent door.
  3137 | D:4      | Noticed Consumeair16's ghost (amateur GnCj)
  3273 | D:4      | Identified the +6 flail of Dullness {distort, rElec rN+
                  | Int+3}
  3309 | D:4      | Noticed Pikel
  3334 | D:4      | Killed Pikel
  3335 | D:4      | Reached skill level 8 in Axes
  3335 | D:4      | Reached skill level 5 in Armour
  3335 | D:4      | Reached skill level 5 in Dodging
  3335 | D:4      | Reached XP level 8. HP: 66/70 MP: 7/7
  3486 | D:4      | Found a hazy altar of Hepliaklqana.
  3487 | D:4      | Found a shimmering altar of Xom.
  3488 | D:4      | Noticed a spectral ugly thing
  3691 | D:4      | Noticed Natasha
  3695 | D:4      | Killed Natasha
  3970 | D:4      | Found a staircase to the Ecumenical Temple.
  4116 | D:4      | Killed Consumeair16's ghost
  4302 | D:4      | Killed Crazy Yiuf
  4402 | D:5      | Entered Level 5 of the Dungeon
  4434 | D:5      | Noticed Prince Ribbit
  4442 | D:5      | Reached skill level 9 in Axes
  4459 | D:5      | Killed Prince Ribbit
  4462 | D:5      | Reached **** piety under Trog
  4704 | D:5      | Found a stormy altar of Qazlal.
  4952 | D:6      | Found Nerott's Armour Boutique.
  4974 | D:6      | Reached XP level 9. HP: 79/79 MP: 8/8
  5219 | D:6      | Found a white marble altar of Elyvilon.
  5301 | D:6      | Found an ancient bone altar of Kikubaaqudgha.
  5355 | D:6      | Noticed Sigmund
  5368 | D:6      | Killed Sigmund
  5430 | D:6      | Reached skill level 10 in Axes
  5551 | D:6      | Found a glowing drain.
  5562 | Sewer    | Entered a sewer
  6144 | D:7      | Reached ***** piety under Trog
  6379 | D:7      | Reached skill level 11 in Axes
  6400 | D:7      | Found a flagged portal.
  6421 | Bailey   | Entered a bailey
  6428 | Bailey   | Received a gift from Trog
  6629 | Bailey   | Reached XP level 10. HP: 76/90 MP: 9/9
  6834 | Bailey   | Noticed Grum
  6839 | Bailey   | Killed Grum
  6840 | Bailey   | Reached skill level 12 in Axes
  7272 | D:7      | You fall into a shaft and drop 1 floor!
  7763 | D:8      | Found an iron altar of Okawaru.
  8523 | D:7      | Found a shadowy altar of Dithmenos.
  8671 | D:9      | Found Suar's Assorted Antiques.
  8768 | D:6      | Bought the +3 pair of boots of Responsibility {Regen+ Str+5
                  | Int+3} for 562 gold pieces
  8825 | D:9      | Noticed a two-headed ogre
  8835 | D:9      | Killed a two-headed ogre
  8883 | D:9      | Reached skill level 13 in Axes
  9230 | D:9      | Found a snail-covered altar of Cheibriados.
  9399 | D:10     | Entered Level 10 of the Dungeon
  9399 | D:10     | Found a staircase to the Orcish Mines.
  9510 | D:10     | Reached XP level 11. HP: 99/99 MP: 10/10
  9551 | D:10     | Noticed Amaemon
  9572 | D:10     | Killed Amaemon
  9572 | D:10     | Received a gift from Trog
  9573 | D:10     | Reached skill level 10 in Fighting
  9787 | D:10     | Reached skill level 10 in Armour
  9852 | D:10     | Noticed a boulder beetle
  9864 | D:10     | Killed a boulder beetle
  9865 | D:10     | Reached skill level 14 in Axes
 10112 | D:11     | Noticed a purple ugly thing
 10138 | D:11     | Reached skill level 15 in Axes
 10138 | D:11     | Killed a purple ugly thing
 10139 | D:11     | Reached skill level 10 in Dodging
 10139 | D:11     | Reached XP level 12. HP: 100/110 MP: 11/11
 10157 | D:11     | Found a staircase to the Lair.
 10186 | D:11     | Noticed a boulder beetle
 10191 | D:11     | Killed a boulder beetle
 10477 | D:12     | Noticed a centaur warrior
 10484 | D:12     | Noticed a two-headed ogre
 10487 | D:12     | Noticed a two-headed ogre
 10490 | D:12     | Killed a two-headed ogre
 10523 | D:11     | Killed a two-headed ogre
 10661 | D:12     | Killed a centaur warrior
 10686 | Lair:1   | Entered Level 1 of the Lair of Beasts
 10808 | Lair:1   | Noticed a death yak
 10808 | Lair:1   | Noticed a death yak
 10813 | Lair:1   | Killed a death yak
 10816 | Lair:1   | Reached skill level 16 in Axes
 10819 | Lair:1   | Killed a death yak
 10853 | Lair:1   | Noticed Maggie
 10867 | Lair:1   | Killed Maggie
 11186 | Lair:1   | Received a gift from Trog
 11539 | Lair:1   | Reached skill level 1 in Shields
 12094 | Lair:2   | Noticed an eight-headed hydra
 12101 | Lair:2   | Killed a ten-headed hydra
 12102 | Lair:2   | Reached XP level 13. HP: 119/119 MP: 12/12
 13038 | Lair:3   | Reached skill level 17 in Axes
 13315 | Lair:3   | Found a staircase to the Snake Pit.
 13416 | Lair:3   | Found a staircase to the Shoals.
 14640 | Lair:4   | You fall into a shaft and drop 1 floor!
 14640 | Lair:5   | Entered Level 5 of the Lair of Beasts
 14674 | Lair:5   | Reached skill level 5 in Shields
 14713 | Lair:4   | Found a runed translucent gate.
 14714 | Lair:4   | Found a runed translucent gate.
 14718 | Lair:4   | Found a runed translucent gate.
 14725 | Lair:4   | Reached skill level 18 in Axes
 14749 | Lair:4   | Noticed Deost's ghost (journeyman DEFE)
 14948 | Lair:4   | Killed Deost's ghost
 14948 | Lair:4   | Received a gift from Trog
 15079 | Lair:5   | Found a staircase to the Slime Pits.
 15403 | Lair:5   | Reached XP level 14. HP: 123/129 MP: 13/13
 15571 | Abyss:2  | Cast into level 2 of the Abyss (spriggan)
 15582 | Abyss:2  | Found a corrupted altar of Lugonu.
 15589 | Lair:5   | Escaped the Abyss
 15817 | Lair:5   | Found a corrupted altar of Lugonu.
 15817 | Lair:5   | Found a one-way gate to the infinite horrors of the Abyss.
 16095 | Lair:5   | Reached ****** piety under Trog
 16531 | Orc:1    | Entered Level 1 of the Orcish Mines
 17222 | Orc:2    | Entered Level 2 of the Orcish Mines
 17412 | Orc:2    | Noticed Maurice
 17424 | Orc:2    | Something stole an amulet of magic regeneration
 17426 | Orc:2    | Killed Maurice
 17431 | Orc:2    | Found a bloodstained altar of Trog.
 17461 | Orc:2    | Noticed an orc warlord
 17474 | Orc:2    | Received a gift from Trog
 17485 | Orc:2    | Killed an orc warlord
 17539 | Orc:2    | Found a staircase to the Elven Halls.
 17541 | Orc:2    | Found Nifaddea's Weapon Shoppe.
 17790 | Orc:2    | Reached skill level 10 in Shields
 17983 | Orc:2    | Found Riyrahez's Antique Weapon Emporium.
 18130 | Orc:2    | Found Fuan's Antique Weapon Shoppe.
 18132 | Orc:2    | Found Binwa's Antique Armour Emporium.
 18139 | Orc:2    | Bought a distressingly furry cloak for 285 gold pieces
 18139 | Orc:2    | Identified the -1 cloak of the End {rC++ Will+} (You bought
                  | it in a shop on level 2 of the Orcish Mines)
 19086 | D:13     | Found a gate to the Vaults.
 19110 | D:13     | Reached XP level 15. HP: 139/139 MP: 14/14
 19638 | D:14     | Received a gift from Trog
 19643 | D:14     | Reached skill level 15 in Fighting
 19688 | D:14     | Found a sacrificial altar of Ru.
 19829 | D:14     | Found a runed translucent door.
 19836 | D:14     | Noticed a tentacled monstrosity
 20341 | D:14     | Killed a tentacled monstrosity
 20431 | D:14     | Reached skill level 15 in Armour
 20649 | D:15     | Entered Level 15 of the Dungeon
 20760 | D:15     | Identified the +0 pair of gloves of Greed {Rampage Fly
                  | rPois Dex+3}
 20918 | D:15     | Noticed Agnes
 20924 | D:15     | Killed Agnes
 21240 | D:15     | Found a shadowy altar of Dithmenos.
 21301 | D:15     | Found a staircase to the Depths.
 21301 | D:15     | Noticed a frost giant
 21308 | D:15     | Killed a frost giant
 22004 | Shoals:1 | Entered Level 1 of the Shoals
 22335 | Shoals:1 | Reached XP level 16. HP: 137/151 MP: 15/15
 22387 | Shoals:1 | Found Pauty's Book Shoppe.
 22646 | Shoals:1 | Received a gift from Trog
 23050 | Shoals:2 | Found a runed translucent door.
 23053 | Shoals:2 | Noticed qdestroyer's ghost (journeyman MiFi)
 23815 | Shoals:2 | Killed qdestroyer's ghost
 24642 | Shoals:3 | Received a gift from Trog
 24714 | Shoals:3 | Reached skill level 15 in Shields
 25107 | Shoals:4 | Entered Level 4 of the Shoals
 25107 | Shoals:4 | Noticed a kraken
 25139 | Shoals:4 | Killed a kraken
 25140 | Shoals:4 | Reached skill level 15 in Dodging
 25183 | Shoals:4 | Identified the +11 scimitar "Dutekyod" {heavy, rF+}
 25339 | Shoals:4 | Identified the orb of Dithmenos's Favour {guile, MP+9 Tloc}
 25474 | Shoals:4 | Found Owayjephu's Jewellery Boutique.
 26138 | Orc:2    | Bought the +2 shield of Resistance {rF++ rC++ Will++} for
                  | 2115 gold pieces
 26138 | Orc:2    | Found the +2 shield of Resistance {rF++ rC++ Will++}
 26615 | Shoals:4 | Reached XP level 17. HP: 113/161 MP: 16/16
 26617 | Shoals:4 | Got a barnacled rune of Zot
 26710 | Shoals:4 | Received a gift from Trog
 26958 | Shoals:4 | Paralysed by a formless jellyfish for 1 turns
 26976 | Shoals:4 | Identified the ring "Volumepp" {rN+ rCorr Dex+6 Stlth-}
 27126 | Snake:1  | Entered Level 1 of the Snake Pit
 27223 | Snake:1  | Identified the +0 robe of the Northern Lights {rElec}
 27287 | Snake:1  | Found the +5 scythe "Finisher" {speed, execute}
 27316 | Snake:1  | You are sucked into a shaft and drop 1 floor!
 27394 | Snake:1  | Noticed Frances
 27400 | Snake:1  | Killed Frances
 27634 | Snake:1  | Identified the +5 chain mail "Vedapizi" {Rampage}
 27650 | Snake:1  | Identified the serpent talisman "Voyteyl" {rC+}
 27650 | Snake:1  | Noticed Aizul
 27662 | Snake:1  | Killed Aizul
 27959 | Snake:1  | Noticed Donald
 27964 | Snake:1  | Killed Donald
 28444 | Snake:2  | Found Sinufu Yche's Distillery.
 28454 | Snake:2  | Bought a potion of curing for 45 gold pieces
 28454 | Snake:2  | Bought a potion of curing for 45 gold pieces
 28579 | Snake:2  | Noticed Azrael
 28591 | Snake:2  | Killed Azrael
 29378 | Snake:3  | Received a gift from Trog
 29399 | Snake:4  | Entered Level 4 of the Snake Pit
 29434 | Snake:4  | Found a basalt altar of Yredelemnul.
 30489 | Snake:4  | Noticed a quicksilver dragon
 30505 | Snake:4  | Killed a quicksilver dragon
 30586 | Snake:4  | Reached XP level 18. HP: 172/172 MP: 17/17
 30741 | Snake:4  | Got a serpentine rune of Zot
 30967 | Vaults:1 | Entered Level 1 of the Vaults
 31000 | Vaults:1 | Received a gift from Trog
 31294 | Vaults:1 | Reached skill level 19 in Axes
 31562 | Vaults:1 | Received a gift from Trog
 31790 | Vaults:1 | Found Toba's Armour Shoppe.
 31837 | Vaults:1 | Found a gateway to a bazaar.
 32139 | Vaults:1 | Noticed Feplao's ghost (adept DgSh)
 32139 | Vaults:1 | Noticed tamionv's ghost (adept GrFi)
 32140 | Vaults:1 | Found a large runed translucent door.
 32140 | Vaults:1 | Found a large runed translucent door.
 32439 | Bazaar   | Entered a bazaar
 32439 | Bazaar   | Found Xesoyf's Distillery.
 32439 | Bazaar   | Found Veogeepp's Magic Scroll Shop.
 32439 | Bazaar   | Found Xamanwy's Antique Weapon Shoppe.
 32439 | Bazaar   | Found Plog's Assorted Antiques.
 32442 | Bazaar   | Found Axkuyso's Antique Armour Shoppe.
 32442 | Bazaar   | Found Guarghav's Antique Weapon Boutique.
 32454 | Bazaar   | Bought a glowing broad axe for 210 gold pieces
 32459 | Bazaar   | Bought a transparent silver amulet for 135 gold pieces
 32459 | Bazaar   | Identified the amulet of Wygihoefu {Spirit Str+5} (You
                  | bought it in a shop in a bazaar)
 32848 | Vaults:2 | Reached XP level 19. HP: 172/182 MP: 15/18
 33078 | Vaults:2 | Identified the +8 war axe of the Extremely Mad {flame, rF++
                  | Int-2 Dex+2} (Trog gifted it to you on level 2 of the
                  | Vaults)
 33078 | Vaults:2 | Received a gift from Trog
 33694 | Vaults:2 | Found Fumoik's Jewellery Boutique.
 34015 | Vaults:2 | Identified the +1 leather armour of the Prince of Darkness
                  | {*Slow +Blink rF+ rC+}
 34033 | Vaults:2 | Reached skill level 20 in Axes
 34247 | Vaults:3 | Found Tyroptuhu's General Store.
 34356 | Vaults:3 | Found a staircase to the Crypt.
 34356 | Vaults:3 | Found an ancient bone altar of Kikubaaqudgha.
 34356 | Vaults:3 | Found a basalt altar of Yredelemnul.
 34524 | Vaults:3 | Found Moodwel's Antique Armour Boutique.
 34556 | Vaults:3 | Received a gift from Trog
 34577 | Vaults:3 | Bought a glowing cloak for 262 gold pieces
 34686 | Vaults:3 | Found a magical portal.
 35000 | Vaults:3 | Found Ewiacu's Book Emporium.
 35521 | Vaults:4 | Reached XP level 20. HP: 193/193 MP: 19/19
 35573 | Vaults:4 | Received a gift from Trog
 35989 | Vaults:4 | Identified the +3 leather armour of Inviolability {Str+3}
 36333 | Vaults:4 | Found a huge runed translucent gate.
 36333 | Vaults:4 | Found a huge runed translucent gate.
 36333 | Vaults:4 | Found a huge runed translucent gate.
 36333 | Vaults:4 | Found a huge runed translucent gate.
 36333 | Vaults:4 | Found a huge runed translucent gate.
 36333 | Vaults:4 | Found a huge runed translucent gate.
 36333 | Vaults:4 | Found a huge runed translucent gate.
 36333 | Vaults:4 | Found a huge runed translucent gate.
 36333 | Vaults:4 | Found a huge runed translucent gate.
 36334 | Vaults:4 | Found a huge runed translucent gate.
 36334 | Vaults:4 | Found a huge runed translucent gate.
 36334 | Vaults:4 | Found a huge runed translucent gate.
 36334 | Vaults:4 | Found a huge runed translucent gate.
 36334 | Vaults:4 | Found a huge runed translucent gate.
 36334 | Vaults:4 | Found a huge runed translucent gate.
 36353 | Vaults:4 | Found a huge runed translucent gate.
 36354 | Vaults:4 | Found a huge runed translucent gate.
 36355 | Vaults:4 | Found a huge runed translucent gate.
 36356 | Vaults:4 | Found a huge runed translucent gate.
 36357 | Vaults:4 | Found a huge runed translucent gate.
 36357 | Vaults:4 | Found a huge runed translucent gate.
 36362 | Vaults:4 | Found a huge runed translucent gate.
 36363 | Vaults:4 | Found a huge runed translucent gate.
 36363 | Vaults:4 | Found a huge runed translucent gate.
 36363 | Vaults:4 | Found a huge runed translucent gate.
 36363 | Vaults:4 | Found a huge runed translucent gate.
 36365 | Vaults:4 | Found a huge runed translucent gate.
 36366 | Vaults:4 | Found a huge runed translucent gate.
 36367 | Vaults:4 | Found a huge runed translucent gate.
 36367 | Vaults:4 | Found a huge runed translucent gate.
 36372 | Vaults:4 | Found a huge runed translucent gate.
 36373 | Vaults:4 | Found a huge runed translucent gate.
 36373 | Vaults:4 | Found a huge runed translucent gate.
 36373 | Vaults:4 | Found a huge runed translucent gate.
 36373 | Vaults:4 | Found a huge runed translucent gate.
 36375 | Vaults:4 | Found a huge runed translucent gate.
 36738 | Depths:1 | Entered Level 1 of the Depths
 36814 | Depths:1 | Received a gift from Trog
 37156 | Vaults:5 | Entered Level 5 of the Vaults
 37168 | Vaults:5 | Noticed an ancient lich
 37191 | Vaults:5 | Noticed an ancient lich
 37195 | Vaults:5 | Noticed a dread lich
 37198 | Vaults:5 | Killed an ancient lich
 37210 | Vaults:5 | Noticed a dread lich
 37210 | Vaults:5 | Noticed a dread lich
 37212 | Vaults:5 | Killed a dread lich
 37217 | Vaults:5 | Killed a dread lich
 37218 | Vaults:5 | Reached skill level 21 in Axes
 37226 | Vaults:5 | Killed a dread lich
 37279 | Vaults:5 | Found the +10 zealot's sword {holy, Zealotry, *Rage rN+
                  | EV+3}
 37665 | Vaults:5 | Got a silver rune of Zot
 38075 | Depths:1 | Noticed a caustic shrike
 38081 | Depths:1 | Killed a caustic shrike
 38086 | Depths:1 | Reached XP level 21. HP: 150/204 MP: 15/20
 38107 | Depths:1 | Received a gift from Trog
 38328 | Depths:2 | Found Sainaown's Assorted Antiques.
 38330 | Depths:2 | Bought a scroll of fear for 136 gold pieces
 38339 | Depths:2 | Found a gateway to Hell.
 38364 | Depths:2 | Found Itohumu's Armour Shoppe.
 38422 | Depths:2 | Identified the +7 scimitar "Faamilio" {heavy, rCorr} (Trog
                  | gifted it to you on level 2 of the Depths)
 38422 | Depths:2 | Received a gift from Trog
 38535 | Depths:3 | Found Qechoy's Assorted Antiques.
 38557 | Depths:3 | Bought a scroll of summoning for 323 gold pieces
 38575 | Depths:4 | Entered Level 4 of the Depths
 38773 | Depths:4 | Reached skill level 22 in Axes
 39124 | Depths:4 | Found a gate to the Realm of Zot.
 39124 | Depths:4 | Noticed a golden dragon
 39141 | Depths:4 | Killed a golden dragon
 39148 | Depths:4 | Got a midnight gem with 1771 turns to spare
 39150 | Zot:1    | Entered Level 1 of the Realm of Zot
 39567 | Zot:2    | Reached XP level 22. HP: 215/215 MP: 21/21
 39821 | Zot:2    | Noticed an orb of fire
 39824 | Zot:2    | Gained mutation: Potions are less effective at restoring
                  | your health. [an orb of fire]
 39832 | Zot:2    | Gained mutation: Your magical capacity is low. (-10% MP)
                  | [an orb of fire]
 39838 | Zot:2    | Killed an orb of fire
 39838 | Zot:2    | Received a gift from Trog
 40087 | Zot:3    | Noticed an ancient lich
 40094 | Zot:3    | Noticed an orb of fire
 40191 | Zot:2    | Killed an orb of fire
 40234 | Zot:2    | Killed an ancient lich
 40456 | Zot:4    | Noticed a golden dragon
 40463 | Zot:4    | Killed a golden dragon
 40484 | Zot:5    | Entered Level 5 of the Realm of Zot
 40485 | Zot:5    | Lost mutation: Potions are less effective at restoring your
                  | health. [potion of mutation]
 40485 | Zot:5    | Lost mutation: Your magical capacity is low. (-10% MP)
                  | [potion of mutation]
 40485 | Zot:5    | Gained mutation: Potions are less effective at restoring
                  | your health. [potion of mutation]
 40485 | Zot:5    | Gained mutation: You have a pair of large horns on your
                  | head. [potion of mutation]
 40485 | Zot:5    | Gained mutation: You have very sharp teeth. [potion of
                  | mutation]
 40486 | Zot:5    | Lost mutation: You have very sharp teeth. [potion of
                  | mutation]
 40486 | Zot:5    | Lost mutation: Potions are less effective at restoring your
                  | health. [potion of mutation]
 40486 | Zot:5    | Gained mutation: You expend magic power (3 MP) to
                  | strengthen your wands. [potion of mutation]
 40486 | Zot:5    | Gained mutation: Your muscles are strong. (Str +4, Int/Dex
                  | -1) [potion of mutation]
 40486 | Zot:5    | Gained mutation: Your natural rate of healing is unusually
                  | fast. [potion of mutation]
 40810 | Zot:5    | Reached skill level 23 in Axes
 40912 | Zot:5    | Noticed a Killer Klown
 40924 | Zot:5    | Killed a Killer Klown
 40931 | Zot:5    | Noticed a Killer Klown
 40931 | Zot:5    | Noticed a Killer Klown
 40933 | Zot:5    | Noticed a Killer Klown
 40934 | Zot:5    | Noticed an orb of fire
 40934 | Zot:5    | Noticed an ancient lich
 40938 | Zot:5    | Noticed an orb of fire
 40938 | Zot:5    | Lost mutation: Your natural rate of healing is unusually
                  | fast. [an orb of fire]
 40940 | Zot:5    | Noticed a Killer Klown
 40940 | Zot:5    | Noticed an orb of fire
 40941 | Zot:5    | Got the Orb of Zot
 40946 | Zot:5    | Gained mutation: Your magical capacity is low. (-10% MP) [a
                  | cacodemon]
 40969 | Zot:5    | Noticed an ancient lich
 40983 | Zot:5    | Noticed Gicoar the pandemonium lord
 40987 | Zot:4    | Noticed a golden dragon
 40989 | Zot:4    | Noticed Ifruthim the pandemonium lord
 41013 | Zot:2    | Gained mutation: You are occasionally teleported next to
                  | monsters. [mutagenic glow]
 41024 | Zot:2    | Received a gift from Trog
 41025 | Zot:2    | Gained mutation: You have sharp toenails. [mutagenic glow]
 41037 | Zot:2    | Gained mutation: You are dopey. (Int -2) [mutagenic glow]
 41057 | Zot:2    | Gained mutation: You occasionally shout uncontrollably at
                  | your foes. [mutagenic glow]
 41541 | D:$      | Escaped with the Orb!

Illustrated notes

Levels and vault maps discovered:
D:1:      erik_arrival_cave_to_civilisation [erik_arrival_cave_to_hall],
          layout_basic
D:2:      layout_rooms, minmay_tromino_mix6, uniq_jessica
D:3:      layout_loops_ring, grunt_temple_overflow_lords_of_destruction,
          fedhas_altar_4, nicolae_gozag_cash_rules_everything_around_me,
          nicolae_tso_swordbearing_angel, ebering_ghost_sewer_f, serial_shops,
          shop_fountains, uniq_robin, uniq_grinder
D:4:      layout_loops_corners, regret_index_temple_of_mockery, temple_hall,
          gammafunk_ghost_grave, uniq_natasha, uniq_pikel,
          uniq_crazy_yiuf_cottage
D:5:      layout_cave_pools, nicolae_qazlal_eye_of_the_storm,
          uniq_prince_ribbit1
D:6:      layout_loops_ring, mainiacjoe_overflow_cross_hatched,
          elyvilon_altar_1, serial_shops, nicolae_shop_tiny_real_fake_doors,
          mainiacjoe_sewer_entry_somewhere_in_here_1, uniq_sigmund
D:7:      layout_loops_ring, kennysheep_little_box, enter_bailey_3,
          kennysheep_small_spiral, kennysheep_potato
D:8:      layout_cave_pods, mainiacjoe_overflow_six_doors_small,
          grunt_ogre_cave, hangedman_decor_slide_cut, minmay_misc_feat_doors
D:9:      layout_cave_pools, lemuel_round_altar, serial_shops, shop
D:10:     layout_roguey, minmay_orc_entry_temple_small, uniq_amaemon
D:11:     layout_rooms, minmay_lair_entry_grove
D:12:     layout_rooms
D:13:     layout_stronghold, erik_vaults_2
D:14:     cheibrodos_body_horror, layout_irregular_city,
          nicolae_ru_sacrificial_ziggurat
D:15:     grunt_enter_depths_snipers, layout_long_grid,
          grunt_dithmenos_smoke_and_mirrors, uniq_agnes
Lair:1:   layout_layer_cave, nicolae_lair_lindhole, grunt_megastairs_2,
          uniq_maggie
Lair:2:   layout_roguey
Lair:3:   layout_cave_pods, shoals_dummy_entry, minmay_snake_entry_six_corridors
Lair:4:   layout_roguey, ebering_ghost_rock_garden
Lair:5:   hellmonk_lair_end_abyssal_woods, layout_gridlike, slime_entry_1,
          kennysheep_rathole, infiniplex_staircase_pool_2, lemuel_fruit_fields,
          grunt_megastairs_3, lemuel_fruit_fields, serial_bayou_shore_a
Shoals:1: layout_shoals, serial_shops, nicolae_shop_statue_plus,
          nicolae_shoals_seven_spires
Shoals:2: layout_shoals, hellmonk_ghost_happy_afterlife,
          nicolae_shoals_secluded_bog
Shoals:3: layout_shoals
Shoals:4: shoals_end_simple, layout_shoals, serial_shops, shop
Snake:1:  layout_onion_interference, grunt_ministairs_14, uniq_aizul,
          uniq_donald, uniq_frances
Snake:2:  minmay_snake_river, layout_onion_interference, minmay_shop_star,
          uniq_azrael
Snake:3:  layout_basic, basic_altar, grunt_megastairs_1
Snake:4:  hellmonk_snake_rune_quicksilver_temple, layout_cave_shapes,
          basic_altar
Orc:1:    cheibrodos_orc_guarddog, layout_caves, nicolae_orc_damp_corner,
          mines1_david
Orc:2:    grunt_orc_community_town_hall, layout_caves,
          grunt_orc_community_big_house_2, grunt_orc_community_big_house_1,
          grunt_orc_community_house_3, grunt_orc_community_house_3,
          grunt_orc_community_house_2, grunt_orc_community_house_3,
          grunt_orc_community_house_2, basic_altar, uniq_maurice
Vaults:1: advil_vaults_ghost_guards, nicolae_vaults_ninety_degrees,
          nicolae_vaults_offset_grid_hallway_3, v_misc_2, vaults_dpeg_spiral,
          v_alt_pattern_6, st_hourglassy, nicolae_vaults_hexular_roomagon,
          nicolae_vaults_tangram_1, nicolae_vaults_mini_display_case,
          serial_ice_g, nicolae_vaults_taking_the_gang_shopping,
          nicolae_vaults_tetromino_L_1, nicolae_vaults_tetromino_Z_2,
          nicolae_vaults_storage_room_glass, vaults_room_grunt_arrival_ludios,
          layout_vaults_omnicross, serial_shops, bzr_entry_customers
Vaults:2: ontoclasm_vaults_pinch, nicolae_vaults_doubleplus_tesselated,
          ontoclasm_vaults_fire_temple, ontoclasm_vaults_claustrophobia,
          nicolae_vaults_little_squares_3, nicolae_vaults_heart-shaped_vault,
          vaults_dpeg_emergency_exit, nicolae_vaults_surprise_closet,
          vaults_room_corners, vaults_room_hallway, layout_vaults_quadrants,
          serial_shops, nicolae_shop_behind_doors
Vaults:3: mu_enter_wizlab_2, vaults_room_fancy_cross,
          minmay_crypt_entry_necro_gods, hangedman_vaults_impose,
          nicolae_vaults_tangram_1, v_misc_17, ontoclasm_vaults_fault,
          v_alt_pattern_1, nicolae_vaults_double_plus_1, hangedman_vaults_nails,
          nicolae_vaults_double_plus_1, nicolae_vaults_diamond_2,
          layout_vaults_maze_snakey, serial_shops, nicolae_book_shop_shelving,
          shop, nicolae_shop_tiny_glass
Vaults:4: v_misc_30, vaults_room_fancy_cross, v_pattern_3,
          vaults_mumra_chevron_long, hangedman_vaults_maws, not_door_vault_due,
          v_alt_pattern_6, nicolae_vaults_tangram_2,
          nicolae_vaults_windows_and_doors_thing,
          nicolae_vaults_yaktaur_gun_rack, nicolae_vaults_apartment_2,
          nicolae_vaults_variable_pillar_hall, v_misc_19, vaults_room_pool,
          vaults_dpeg_ring, ontoclasm_vaults_loading_screen, layout_vaults_ring
Vaults:5: uniq_sojobo
Depths:1: minmay_the_grid_square_5x5_5x5 [minmay_the_grid_square_5x5_trominoes,
          minmay_the_grid_square_5x5_tie, minmay_the_grid_square_5x5_corner,
          minmay_the_grid_square_5x5_longway, minmay_the_grid_square_5x5_eight,
          minmay_the_grid_square_5x5_beaten_path,
          minmay_the_grid_square_5x5_prize_deathbox,
          minmay_the_grid_square_5x5_six_small,
          minmay_the_grid_square_5x5_prize_junk, minmay_the_grid_square_5x5_v,
          minmay_the_grid_square_5x5_inner_v,
          minmay_the_grid_square_5x5_tri_point,
          minmay_the_grid_square_5x5_prize_open,
          minmay_the_grid_square_5x5_lines, minmay_the_grid_square_5x5_n,
          minmay_the_grid_square_5x5_sharp_hourglass,
          minmay_the_grid_square_5x5_prize_waves,
          minmay_the_grid_square_5x5_six,
          minmay_the_grid_square_5x5_prize_rear_guard,
          minmay_the_grid_square_5x5_eight_small,
          minmay_the_grid_square_5x5_three_walls,
          minmay_the_grid_square_5x5_half_checkered,
          minmay_the_grid_square_5x5_inner_i,
          minmay_the_grid_square_5x5_broken_cross,
          minmay_the_grid_square_5x5_bracketed], layout_twisted_cross,
          hangedman_decor_opposing, hell_entry, pan_entry, zin_angel
Depths:2: minmay_dotted_concentric_squares, layout_long_grid,
          hellmonk_ghost_time_enough, serial_shops, shop, nicolae_diamond_shop,
          shop, shop, abyss_entry, rand_demon_pan_entry_3, hell_entry,
          infiniplex_staircase_zigzag_5, serial_bayou_shore_b, uniq_josephina,
          uniq_mara
Depths:3: due_jory_tower, layout_gridville, enter_ziggurat_f, lightli_too_deep,
          abyss_entry, serial_shops, shop, shop, nicolae_shop_crystal,
          nicolae_shop_mannequins, minmay_shop_grove,
          infiniplex_staircase_pillars_3b
Depths:4: grunt_x_marks_the_spot, layout_gridville, grunt_hell_entry_dis_mu
Zot:1:    layout_misc_corridors, grunt_megastairs_4
Zot:2:    layout_gridlike, regret_index_zot_stipple_split
Zot:3:    hangedman_zot_vaults_quadrants, layout_onion, lemuel_baited_zot_trap
Zot:4:    layout_misc_corridors, ebering_ghost_disaster_area
Zot:5:    layout_gridlike

Skill      XL: |  1  2  3  4  5  6  7  8  9 10 11 12 13 14 15 16 17 18 19 20 21 22 |
---------------+-------------------------------------------------------------------+-----
Axes           | 4 5 6 8 9 11 13 15 16 18 19 20 21 22 23 | 23.2
Fighting       | 4 5 6 7 8 9 11 12 13 14 15 17 18 19 20 21 22 | 22.8
Armour         | 3 4 5 6 8 9 10 12 13 14 15 16 17 18 19 20 21 22 | 22.6
Dodging        | 3 4 5 6 7 8 10 11 12 13 14 15 16 17 18 19 20 | 20.9
Shields        | 1 6 10 13 16 17 18 19 20 21 22 | 22.5

Action                     |  1- 3 |  4- 6 |  7- 9 | 10-12 | 13-15 | 16-18 | 19-21 | 22-24 || total
---------------------------+-------+-------+-------+-------+-------+-------+-------+-------++-------
  Melee: Hand axe          |    74 |    96 |   254 |       |       |       |       |       ||   424
         Headbutt          |     5 |    17 |    62 |    68 |   175 |   312 |   367 |    70 ||  1076
         Punch             |     1 |     1 |     4 |       |       |       |       |       ||     6
         Battleaxe         |       |       |    90 |   435 |   198 |       |       |       ||   723
         Broad axe         |       |       |       |       |   737 |  1138 |  1045 |   297 ||  3217
 Invoke: Berserk           |     1 |     1 |     9 |     4 |    10 |    15 |     9 |     7 ||    56
         Trog's Hand       |       |     1 |     2 |     5 |     4 |     5 |     7 |     5 ||    29
         Brothers in Arms  |       |       |       |       |       |     2 |     4 |     2 ||     8
    Use: Scroll            |       |     8 |     5 |     4 |     7 |     2 |    12 |    20 ||    58
         Potion            |       |       |     6 |       |     1 |       |     4 |    11 ||    22
   Stab: Distracted        |     1 |       |       |       |       |       |       |       ||     1
 Armour: Animal skin       |    35 |    10 |       |       |       |       |       |       ||    45
         Scale mail        |       |    36 |   286 |    54 |       |       |       |       ||   376
         Plate armour      |       |       |       |   467 |   599 |   250 |   340 |    89 ||  1745
         Chain mail        |       |       |       |       |       |   174 |   154 |       ||   328
         Storm dragon scal |       |       |       |       |       |       |       |   151 ||   151
  Dodge: Dodged            |    57 |    55 |   188 |   368 |   369 |   326 |   467 |   194 ||  2024
  Block: Kite shield       |       |       |       |       |   339 |   910 |   675 |   289 ||  2213
         Reflection        |       |       |       |       |     6 |    81 |       |       ||    87
